 Dungeon Crawl Stone Soup version 0.22-a0-587-g7d32d7c (webtiles) character file.

339 robertstho the Archer (level 6, -9/50 HPs)
             Began as a Centaur Hunter on July 3, 2018.
             Mangled by a two-headed ogre
             ... wielding a +0 giant club
              (32 damage)
             ... on level 4 of the Dungeon.
             The game lasted 00:05:38 (2670 turns).

robertstho the Archer (Centaur Hunter)              Turns: 2670, Time: 00:05:38

Health: -9/50      AC:  4    Str: 14    XL:     6   Next: 29%
Magic:  6/6        EV:  9    Int: 10    God:
Gold:   146        SH:  0    Dex: 12    Spells: 5/5 levels left

rFire    . . .     SeeInvis .   a - +1 shortbow
rCold    . . .     Gourm    .   (shield currently unavailable)
rNeg     . . .     Faith    .   c - +0 leather armour
rPois    .         Spirit   .   (no helmet)
rElec    .         Reflect  .   (no cloak)
rCorr    +         Harm     .   (no gloves)
MR       .....                  (no barding)
Stlth    +.........             (no amulet)
HPRegen  0.16/turn              i - ring of resist corrosion
MPRegen  0.10/turn              (no ring)

@: very quick
A: large, hooves 3, deformed body, speed 2, tough skin 3
a: no special abilities


You were on level 4 of the Dungeon.
You were not hungry.

You visited 1 branch of the dungeon, and saw 4 of its levels.

You collected 146 gold pieces.

Inventory:

Hand Weapons
 a - a +1 shortbow (weapon)
 b - a +0 short sword
 n - a +0 short sword of venom
Missiles
 d - 47 arrows (quivered)
Armour
 c - a +0 leather armour (worn)
Jewellery
 i - a ring of resist corrosion (left hand)
Scrolls
 e - a scroll of teleportation {unknown}
 h - 2 scrolls of enchant armour {unknown}
 j - 5 scrolls of identify {unknown}
 o - 2 scrolls of enchant weapon {unknown}
 q - a scroll of remove curse {unknown}
Potions
 g - 2 potions of curing {unknown}
 k - a potion of degeneration {unknown}
 m - a potion of mutation {unknown}
 p - a potion of flight {unknown}
Comestibles
 f - 5 rations


   Skills:
 + Level 2.5 Fighting
 + Level 0.1 Short Blades
 * Level 9.5 Bows
 + Level 0.4 Armour
 + Level 1.5 Dodging
 - Level 0.4 Stealth


You had 5 spell levels left.
You didn't know any spells.
Your spell library contained the following spells:

 Spells                   Type           Power        Failure   Level  Hunger
 Magic Dart               Conj           #...         43%         1    ##.....
 Conjure Flame            Conj/Fire      #.......     82%         3    ####...
 Slow                     Hex            #.......     58%         2    ###....
 Mephitic Cloud           Conj/Pois/Air  #.......     82%         3    ####...
 Blink                    Tloc           N/A          58%         2    ###....
 Call Imp                 Summ           #.......     58%         2    ###....


Dungeon Overview and Level Annotations

Branches:
Dungeon (4/15)
 Temple: D:4-7

Altars:
Ashenzari
Kikubaaqudgha
Ru
The Shining One


Innate Abilities, Weirdness & Mutations

You have hooves in place of feet.
Armour fits poorly on your strangely shaped body.
You cover ground very quickly.
You have extremely tough skin. (AC +3)


Message History

The two-headed ogre is moderately wounded.
Firing (i - inventory)
d - 49 arrows (quivered)
Press: ? - help, Shift-Dir - straight line, f/p - two-headed ogre
Aim: a two-headed ogre, wielding two giant clubs (moderately wounded)
You shoot an arrow.
The arrow hits the two-headed ogre but does no damage.
The two-headed ogre is moderately wounded.
Firing (i - inventory)
d - 48 arrows (quivered)
Press: ? - help, Shift-Dir - straight line, f/p - two-headed ogre
Aim: a two-headed ogre, wielding two giant clubs (moderately wounded)
You shoot an arrow. The arrow hits the two-headed ogre!
The two-headed ogre is heavily wounded.
The two-headed ogre barely misses you.
The two-headed ogre hits you with a giant club!!
Really walk into that teleport trap?
You enter a teleport trap!
The teleport trap disappears.
Your surroundings seem slightly different.
The two-headed ogre hits you with a giant club!!
Ouch! That really hurt!
You die...

#...#####<###.#
#.#.......#
#...#######
###.######
###ยง.......#
#............
###.#.#.####... ....
#...#.#.......# #.#.
#...@O>..####.####.#(
#...#.##.###.......#.
##..#..((((..(.......
#..####.###.........
#..# # #.........
#..# #......<.. ....
#......... #..#
##........ .
##....O#.


You could see a two-headed ogre.

Vanquished Creatures
  A scorpion (D:3)
  A howler monkey (D:3)
  A centaur skeleton (D:4)
  2 orc wizards
  Jessica (D:3)
  An iguana (D:4)
  3 adders (D:2)
  An ooze (D:3)
  A worm (D:3)
  3 dart slugs
  2 leopard geckos
  8 orcs
  2 ball pythons (D:2)
  8 bats
  4 giant cockroaches
  4 goblins
  9 hobgoblins
  7 jackals
  2 frilled lizards
  8 kobolds
  5 rats
74 creatures vanquished.

Notes
Turn   | Place    | Note
-------+----------+-------------------------------------------
     0 | D:1      | robertstho the Centaur Hunter began the quest for the Orb.
     0 | D:1      | Reached XP level 1. HP: 17/17 MP: 1/1
   172 | D:1      | Reached XP level 2. HP: 24/24 MP: 2/2
   203 | D:1      | Reached skill level 6 in Bows
   569 | D:1      | Found a shattered altar of Ashenzari.
   720 | D:2      | Reached XP level 3. HP: 29/29 MP: 3/3
   890 | D:2      | Reached skill level 7 in Bows
  1063 | D:2      | Reached XP level 4. HP: 36/36 MP: 4/4
  1197 | D:2      | Found a faded altar of an unknown god.
  1335 | D:2      | Found a glowing golden altar of the Shining One.
  1497 | D:3      | Noticed Jessica
  1499 | D:3      | Killed Jessica
  1616 | D:3      | Found an ancient bone altar of Kikubaaqudgha.
  1701 | D:3      | Reached skill level 8 in Bows
  1824 | D:3      | Reached XP level 5. HP: 34/41 MP: 5/5
  2134 | D:3      | Found a sacrificial altar of Ru.
  2311 | D:4      | Reached skill level 9 in Bows
  2333 | D:4      | Reached XP level 6. HP: 44/50 MP: 6/6
  2361 | D:4      | Noticed a two-headed ogre
  2670 | D:4      | Mangled by a two-headed ogre

Vault maps used:
D:1:      minmay_arrival_four_circles, kennysheep_flooded_box
D:2:      first_ration, chequers_ecumenical_altar_twisty, tso_altar
D:3:      lemuel_round_altar, nicolae_ru_the_path_less_chosen, uniq_jessica
D:4:      yredelemnul_altar_generic, uniq_pikel

Skill      XL: |  1  2  3  4  5 |
---------------+----------------+-----
Bows           | 6 7 8 9 |  9.5
Fighting       | |  2.5
Short Blades   | |  0.1
Armour         | |  0.4
Dodging        | |  1.5
Stealth        | |  0.4

Action                   |  1- 3 |  4- 6 || total
-------------------------+-------+-------++-------
Melee: Short sword       |       |     4 ||     4
 Fire: Shortbow          |   108 |   140 ||   248
  Eat: Chunk             |       |     3 ||     3
Armor: Leather armour    |     7 |    14 ||    21
Dodge: Dodged            |    18 |    21 ||    39

Table legend:
 A = Spawn XP
 B = Non-spawn XP
 C = Spawn XP percentage of total XP
 D = Spawn monster count
 E = Non-spawn monster count
 F = Spawn count percentage of total count
 G = Total turns spent on level
                    A         B        C        D         E        F      G
               +---------+---------+-------+---------+---------+-------+---------
         Total |       0 |     485 |   0.0 |       0 |      74 |   0.0 |  2670
               +---------+---------+-------+---------+---------+-------+---------
           D:1 |       0 |      23 |   0.0 |       0 |      14 |   0.0 |   714
           D:2 |       0 |      90 |   0.0 |       0 |      33 |   0.0 |   734
           D:3 |       0 |     246 |   0.0 |       0 |      21 |   0.0 |  1028
           D:4 |       0 |     126 |   0.0 |       0 |       6 |   0.0 |   194
               +---------+---------+-------+---------+---------+-------+---------
